 Dungeon Crawl Stone Soup version 0.16-a0-1816-g2c93a98 (webtiles) character file.

22 RobertPalmer the Insei (level 2, 0/21 HPs)
             Began as a Demonspawn Transmuter on Nov 4, 2014.
             Slain by a kobold
             ... wielding a +0 short sword
              (5 damage)
             ... on level 2 of the Dungeon.
             The game lasted 00:01:47 (1743 turns).

RobertPalmer the Insei (Demonspawn Transmuter)      Turns: 1743, Time: 00:01:47

Health: 0/21       AC:  2    Str: 10    XL:     2   Next: 68%
Magic:  3/4        EV: 12    Int: 14    God:
Gold:   42         SH:  0    Dex: 13    Spells: 1 memorised, 4 levels left

rFire  . . .     SeeInvis .       - Unarmed
rCold  . . .     Clarity  .     g - +0 robe (curse)
rNeg   . . .     SustAb   .     (no shield)
rPois  .         Gourm    .     (helmet restricted)
rElec  .         Spirit   .     (no cloak)
rCorr  .         Warding  .     (no gloves)
rMut   .         Stasis   .     (boots unavailable)
MR     .....                    (no amulet)
Stlth  +.........               (no ring)
                                (no ring)

@: appendage (expiring), not resistant to hostile enchantments, very unstealthy
A: antennae 1, talons 3
a: End Transformation


You were on level 2 of the Dungeon.
You were near starving.
You had grown temporary talons.
You visited 1 branch of the dungeon, and saw 2 of its levels.

You collected 42 gold pieces.


Innate Abilities, Weirdness & Mutations

You have a pair of small antennae on your head.
You have claws for feet.


   Skills:
 - Level 1.0 Fighting
 - Level 1.7 Dodging
 + Level 3.6 Unarmed Combat
 - Level 2.0 Spellcasting
 - Level 1.7 Transmutations


You had 4 spell levels left.
You knew the following spells:

 Your Spells              Type           Power        Failure   Level  Hunger
z - Beastly Appendage     Trmt           #.....       14%         1    ##.....

Inventory:

Missiles
 b - 52 arrows
Armour
 g - a cursed +0 robe (worn)
Scrolls
 c - a scroll of blinking {unknown}
 i - a scroll of identify {unknown}
 k - a scroll of enchant weapon {unknown}
Potions
 e - a potion of brilliance {unknown}
 h - a potion of cure mutation {unknown}
Books
 d - a book of Changes
Comestibles
 a - 2 bread rations
 f - 4 fruits
 j - a beef jerky

Dungeon Overview and Level Annotations

Branches:
Dungeon (2/15)

Altars:
Cheibriados

................#..
........).....#####
....#.....#...###
... #......)......
. #...#.#######
#...#.## ....##..#
...#..###.####
.........@K.##
.=#...#..##J.## #
#..
##.###.!###....+
... #....#........+
. .............#.##
.#######.###..# #.#
... ... .. ..#


You could see an ooze and a kobold.


Message History

A bat and a kobold come into view.
The bat hits you but does no damage.
You see here a grey potion.
The kobold shouts!
The bat barely misses you. x2
You hit the bat.
You kill the bat!
You barely miss the rat. The rat barely misses you.
You closely miss the rat. The rat bites you.
An ooze comes into view.
You closely miss the kobold.
The ooze quivers.
The kobold hits you with a short sword.
* * * LOW HITPOINT WARNING * * *
The rat closely misses you.
You closely miss the kobold. The rat barely misses you.
The kobold barely misses you.
You barely miss the kobold. The rat barely misses you.
The kobold hits you with a short sword.
* * * LOW HITPOINT WARNING * * *
Your feet morph into talons.
You hit the rat.
You kill the rat!
You barely miss the kobold. The kobold misses you.
You hit the kobold but do no damage. The kobold hits you with a short sword.
* * * LOW HITPOINT WARNING * * *
You barely miss the kobold.
Your transformation is almost over.
The kobold hits you with a short sword.
You die...

Action                   || total
-------------------------++-------
Melee: Unarmed           ||    97
 Cast: Beastly Appendage ||    11
  Eat: Chunk             ||     1

Vault maps used:
D:1:      dpeg_arrival_connections, serial_park_tiny_2, cheibriados_altar_1
D:2:      grunt_gozag_potion_petition, gammafunk_temple_overflow_wave,
          first_bread, fedhas_altar_1, uniq_terence

Notes
Turn   | Place    | Note
--------------------------------------------------------------
     0 | D:1      | RobertPalmer, the Demonspawn Transmuter, began the quest for the Orb.
     0 | D:1      | Reached XP level 1. HP: 15/15 MP: 3/3
   259 | D:1      | Reached skill level 3 in Unarmed Combat
   436 | D:1      | Gained mutation: You have a pair of small antennae on your head. [demonic ancestry]
   436 | D:1      | Reached XP level 2. HP: 11/21 MP: 4/4
   635 | D:1      | Found a snail-covered altar of Cheibriados.
  1239 | D:2      | HP: 2/21 [kobold (4)]
  1743 | D:2      | Slain by a kobold

Vanquished Creatures
  A giant gecko (D:1)
  3 hobgoblins
  4 bats
  A giant newt (D:1)
  4 goblins (D:1)
  6 kobolds
  4 rats
23 creatures vanquished.
